 Dungeon Crawl Stone Soup version 0.29.1-4-g47bece8355 (webtiles) character file.

Game seed: 2760312644147503915

31 wingedge the Vexing (level 2, -1/20 HPs)
             Began as a Demigod Enchanter on Dec 2, 2022.
             Slain by a worm (3 damage)
             ... on level 2 of the Dungeon.
             The game lasted 00:09:52 (1268 turns).

wingedge the Vexing (Demigod Enchanter)             Turns: 1268, Time: 00:09:53

Health: -1/20      AC:  2    Str:  9    XL:     2   Next: 90%
Magic:  5/7        EV: 12    Int: 17    God:
Gold:   56         SH:  0    Dex: 14    Spells: 3/5 levels left

rFire   . . .      SeeInvis .   a - +1 dagger
rCold   . . .      Faith    .   (no shield)
rNeg    . . .      Spirit   .   g - +0 robe
rPois   .          Reflect  .   (no helmet)
rElec   .          Harm     .   (no cloak)
rCorr   .          Rampage  .   (no gloves)
Will    .....                   (no boots)
Stlth   ++........              (no amulet)
HPRegen 0.06/turn               (no ring)
MPRegen 0.10/turn               (no ring)

@: invisible
A: high MP 1, forlorn, divine attributes
a: no special abilities


You were on level 2 of the Dungeon.
You visited 1 branch of the dungeon, and saw 2 of its levels.

You collected 56 gold pieces.

Inventory:

Hand Weapons
 a - a +1 dagger (weapon)
 b - a +0 short sword
 c - a +0 sling
Missiles
 k - 3 poisoned darts (quivered)
 l - a javelin
Armour
 g - a +0 robe (worn)
 i - a +0 ring mail
Scrolls
 e - 4 scrolls of teleportation {unknown}
 h - 3 scrolls of identify {unknown}
 j - a scroll of enchant weapon {unknown}
Potions
 d - a potion of ambrosia {unknown}
 f - a potion of brilliance {unknown}
 m - a potion of curing {unknown}
 n - a potion of invisibility


   Skills:
 - Level 1.0 Short Blades
 - Level 2.0 Dodging
 - Level 3.0 Stealth
 - Level 2.0 Spellcasting
 + Level 3.4 Hexes


You had 3 spell levels left.
You knew the following spells:

 Your Spells              Type           Power      Damage    Failure   Level
a - Ensorcelled Hibernat  Hex/Ice        14%        N/A       14%         2

Your spell library contained the following spells:

 Spells                   Type           Power      Damage    Failure   Level
 Confusing Touch          Hex            13%        N/A       14%         3
 Tukima's Dance           Hex            13%        N/A       14%         3
 Dazzling Flash           Conj/Hex       14%        N/A       28%         3


Dungeon Overview and Level Annotations

Branches:
Dungeon (2/15)


Innate Abilities, Weirdness & Mutations

You have an increased reservoir of magic. (+10% MP)
You shall have no god before yourself.
Your divine heritage dramatically boosts your attributes as you level up.


Message History

Adjust (i)tems, (s)pells, or (a)bilities?
n - a +0 sling Adjust to which letter? (? for menu, Esc to quit)
c - a +0 sling;
n - 2 potions of invisibility
Found a scroll labelled KOAS RA RAI.
h - 3 scrolls labelled KOAS RA RAI (gained 1)
Found 2 scrolls labelled VAM DAEHOKASS.
e - 4 scrolls labelled VAM DAEHOKASS (gained 2)
Found a quarterstaff.
A worm comes into view.
Press: ? - help, v - describe, . - travel, g - get item
Here: a worm Item here: a quarterstaff.
The floor.
Casting: Ensorcelled Hibernation (safe; 14% risk of failure)
Confirm with . or Enter, or press ? or * to list all spells.
Aiming: Ensorcelled Hibernation (safe; 14% risk of failure)
Press: ? - help, Shift-Dir - straight line, f - worm
Aim: a worm (chance to affect: 50%)
The worm looks drowsy...
The helpless worm fails to defend itself.
You puncture the worm!
The worm is almost dead.
The worm bites you!
Casting: Ensorcelled Hibernation (safe; 14% risk of failure)
Confirm with . or Enter, or press ? or * to list all spells.
Aiming: Ensorcelled Hibernation (safe; 14% risk of failure)
Press: ? - help, Shift-Dir - straight line, f - you, p - worm That would be overly suicidal.
Okay, then.
Okay, then.
Throw: 2 javelins
Press: ? - help, Shift-Dir - straight line, f - worm
Aim: a worm (almost dead, 77% to hit)
You throw a javelin. The javelin barely misses the worm.
The worm bites you!
* * * LOW HITPOINT WARNING * * *
You fade into invisibility!
The worm bites you.
You die...

..... .## ### ## ..#
.#....... #.#
.#.........# #.##
.#.......... .).#
.#.........# #.[#
.#.........# #w.#
.#.........#####@.#
.#................#
..................#
..<........######.#
..##.†#.#### #.#
..##..# ###.#
..##.... #####...##
..##..... .........##
#.
..##.#...####.......#
#..


You could see a worm (unable to see you).

Vanquished Creatures
  An adder (D:2)
  An endoplasm (D:1)
  3 giant cockroaches
  2 goblins (D:1)
  2 hobgoblins (D:1)
  2 jackals (D:1)
  A kobold (D:1)
  A quokka (D:1)
  A ball python (D:2)
  2 bats (D:1)
  3 frilled lizards (D:1)
  A rat (D:1)
20 creatures vanquished.

Notes
Turn   | Place    | Note
-------+----------+-------------------------------------------
     0 | D:1      | wingedge the Demigod Enchanter began the quest for the Orb.
     0 | D:1      | Reached XP level 1. HP: 14/14 MP: 5/5
    29 | D:1      | Reached skill level 1 in Short Blades
   354 | D:1      | Found Mekkukul's Jewellery Shoppe.
   547 | D:1      | Reached XP level 2. HP: 20/20 MP: 7/7
   550 | D:1      | Learned a level 2 spell: Ensorcelled Hibernation
  1268 | D:2      | Slain by a worm

Illustrated notes

Levels and vault maps discovered:
D:1:      dpeg_arrival_tiny_a, layout_basic,
          hellmonk_ecumenical_altar_arch_garden, serial_shops,
          nicolae_shop_hallway_plus
D:2:      layout_loops_ring, serial_shops, nicolae_square_shop

Skill      XL: |  1  2 |
---------------+-------+-----
Short Blades   | 1 |  1.0
Dodging        | 2 |  2.0
Stealth        | 3 |  3.0
Hexes          | 3 |  3.4
Spellcasting   | 2 |  2.0

Action                   || total
-------------------------++-------
Melee: Dagger            ||    44
Throw: Stone             ||     2
       Javelin           ||     1
 Cast: Ensorcelled Hiber ||    10
  Use: Potion            ||     1
 Stab: Distracted        ||     1
       Sleeping          ||    11
Armor: Robe              ||     7
Dodge: Dodged            ||    20
